 Dungeon Crawl Stone Soup version 0.26-a0-835-g8259106e14 (webtiles) character file.

Game seed: 13059875868242098920

779 xomtakethewheel the Skirmisher (level 7, -11/54 HPs)
             Began as an Octopode Wanderer on Nov 17, 2020.
             Mangled by an ogre
             ... wielding a +0 giant club
              (28 damage)
             ... on level 4 of the Dungeon.
             The game lasted 00:05:11 (3290 turns).

xomtakethewheel the Skirmisher (Octopode Wanderer)  Turns: 3290, Time: 00:05:12

Health: -11/54     AC:  8    Str: 17    XL:     7   Next: 85%
Magic:  7/7        EV: 15    Int: 15    God:
Gold:   207        SH:  7    Dex: 13    Spells: 6/6 levels left

rFire    . . .     SeeInvis .   r - +2 flail (protect)
rCold    . . .     Faith    .   o - +2 buckler
rNeg     . . .     Spirit   .   (helmet restricted)
rPois    .         Reflect  .   t - amulet of regeneration
rElec    .         Harm     .   s - +6 ring of strength
rCorr    .         Rampage  .   (no ring)
MR       .....                  (no ring)
Stlth    +++.......             (no ring)
HPRegen  0.58/turn              (no ring)
MPRegen  0.10/turn              (no ring)
                                (no ring)
                                (no ring)

@: protection aura
A: almost no armour, stealthy swim, amphibious, 8 rings, constrict 8, camouflage
1, gelatinous body 1
a: no special abilities


You were on level 4 of the Dungeon.
You visited 1 branch of the dungeon, and saw 4 of its levels.

You collected 207 gold pieces.

Inventory:

Hand Weapons
 a - a +0 hand crossbow
 c - a +0 flail
 e - a +0 dagger
 n - a +0 dagger
 r - a +2 flail of protection (weapon)
 w - a +1 whip of freezing
 x - a +2 antimagic whip
Missiles
 q - 29 bolts
Armour
 o - a +2 buckler (worn)
Jewellery
 s - a +6 ring of strength (left tentacle)
 t - an amulet of regeneration (around mantle)
Wands
 b - a wand of flame (11)
Scrolls
 d - 3 scrolls of teleportation {@r3}
 f - 8 scrolls of identify {unknown}
 l - a scroll of magic mapping {unknown}
 m - a scroll of noise {unknown}
 p - 3 scrolls of enchant weapon {unknown}
 v - a scroll of enchant armour {unknown}
 y - a scroll of blinking {unknown}
 z - a scroll of immolation {unknown}
Potions
 g - a potion of brilliance {unknown}
 h - 3 potions of curing {unknown}
 i - 4 potions of heal wounds {unknown}
 j - 3 potions of ambrosia {unknown}
 k - a potion of flight {unknown}
 u - a potion of magic {unknown}
 A - a potion of mutation {unknown}


   Skills:
 * Level 7.3 Fighting
 - Level 1.0 Polearms
 - Level 2.0 Crossbows
 + Level 3.8 Dodging
 - Level 2.6 Stealth
 - Level 4.0 Shields
 - Level 1.1 Evocations


You had 6 spell levels left.
You didn't know any spells.
Your spell library was empty.

Dungeon Overview and Level Annotations

Branches:
Dungeon (4/15)
 Temple: D:4-7

Altars:
Ashenzari
Uskayaw


Innate Abilities, Weirdness & Mutations

You cannot wear most types of armour.
You are very stealthy in the water. (Stealth+)
You are amphibious.
You can wear up to eight rings at the same time.
You can use your tentacles to constrict eight enemies at once.
Your skin changes colour to match your surroundings (Stealth+).
Your rubbery body absorbs attacks. (AC +1, EV +1)


Message History

Found 7 gold pieces.
There are monsters nearby!
There are monsters nearby!
You sock the orc!
Your weapon exudes an aura of protection.
You kill the orc!
You thump the ogre! You squeeze the ogre.
The ogre hits you with a +0 giant club!
You hit the ogre. Your squeeze misses the ogre. The ogre misses you.
You hit the ogre. The ogre barely misses you.
The ogre hits you with a +0 giant club!!
* * * LOW HITPOINT WARNING * * *
You are too injured to fight recklessly!
You are too injured to fight recklessly!
You closely miss the ogre. The ogre misses you.
You hit the ogre.
A worm comes into view.
The ogre hits you with a +0 giant club!!
Ouch! That really hurt!
You die...

#.# #...................#
#.########.####.....####.#
...........# ##...##..#.#
###.######.# ##.##...#.#
.......# .. #.#...##.#
###.##.# #. +#.#'.##..#
##.##.# ....###...###...##
#..##.# ........8..).....#
#.###.#.# ..###@..###....#
##.......# #ZO#.#'.##...#
...###.### #..g#.#...##..#
##.# #.# #...##.##)..#..#
#.# #.# #$.# ...##..#..#
#.# ### ... ####..# #.#
....w ...# ... ##.## ##.#
.#.# .#


You could see an ogre, a worm (wandering), a gnoll and an adder zombie.

Vanquished Creatures
  A phantom (D:4)
  2 ogres (D:4)
  2 orc priests (D:3)
  A gnoll shaman (D:4)
  4 orc wizards (D:4)
  3 worker ants (D:4)
  A hound skeleton (D:4)
  Robin (D:2)
  9 gnolls
  3 adders
  A white imp (D:3)
  A worm (D:3)
  2 dart slugs (D:1)
  4 leopard geckos
  7 orcs
  3 giant cockroaches
  18 goblins
  8 hobgoblins
  5 jackals
  8 kobolds
  A quokka (D:3)
  A ball python (D:4)
  10 bats
  7 frilled lizards
  23 rats
126 creatures vanquished.

Notes
Turn   | Place    | Note
-------+----------+-------------------------------------------
     0 | D:1      | xomtakethewheel the Octopode Wanderer began the quest for
                  | the Orb.
     0 | D:1      | xomtakethewheel set off with the following items: a +0 hand
                  | crossbow, a wand of flame (15), 25 bolts, a scroll of
                  | teleportation {@r3}, a +0 dagger
     0 | D:1      | Reached XP level 1. HP: 17/17 MP: 1/1
     9 | D:1      | You fall into a shaft and drop 1 floor!
    27 | D:2      | Noticed Robin
    59 | D:1      | Reached XP level 2. HP: 4/22 MP: 2/2
   479 | D:1      | Reached skill level 1 in Dodging
   727 | D:1      | Reached XP level 3. HP: 27/27 MP: 3/3
   911 | D:2      | Found a broken altar of Ashenzari.
  1220 | D:1      | Reached skill level 1 in Shields
  1284 | D:2      | Reached XP level 4. HP: 33/34 MP: 4/4
  1546 | D:2      | Reached skill level 5 in Fighting
  1552 | D:2      | Killed Robin
  1825 | D:2      | Reached XP level 5. HP: 39/39 MP: 5/5
  2401 | D:3      | Found a hide-covered altar of Uskayaw.
  2552 | D:3      | Reached XP level 6. HP: 46/46 MP: 6/6
  2964 | D:4      | Reached skill level 6 in Fighting
  3012 | D:4      | Reached XP level 7. HP: 46/52 MP: 7/7
  3248 | D:4      | Reached skill level 7 in Fighting
  3290 | D:4      | Mangled by an ogre

Illustrated notes

Levels and vault maps discovered:
D:1:      dpeg_arrival_simpleton_c, layout_loops_ring, minmay_tetromino_l2
D:2:      layout_rooms, lemuel_coloured_pillars_altar, uniq_robin
D:3:      layout_loops_cross, eat_drink_and_be_merry_uskayaw, minmay_rat_hole
D:4:      cheibrodos_barr_body, layout_loops_ring

Skill      XL: |  1  2  3  4  5  6  7 |
---------------+----------------------+-----
Dodging        | 1 2 3 |  3.8
Shields        | 1 2 3 4 |  4.0
Fighting       | 5 6 7 |  7.3
Polearms       | |  1.0
Crossbows      | |  2.0
Stealth        | |  2.6
Evocations     | |  1.1

Action                   |  1- 3 |  4- 6 |  7- 9 || total
-------------------------+-------+-------+-------++-------
Melee: Dagger            |     6 |    42 |       ||    48
       Tentacles         |     3 |    28 |    12 ||    43
       Constrict         |     2 |    46 |    11 ||    59
       Flail             |       |   108 |    56 ||   164
 Fire: Hand crossbow     |    65 |       |       ||    65
Evoke: Wand              |       |     4 |       ||     4
 Stab: Sleeping          |       |    10 |     1 ||    11
Armor: Skin              |     7 |    20 |     5 ||    32
Dodge: Dodged            |    33 |    84 |    25 ||   142
Block: Buckler           |     3 |    30 |    19 ||    52

Table legend: (Time is in decaauts)
 A = Elapsed time spent in this place.
 B = Non-inter-level travel time spent in this place.
 C = Inter-level travel time spent in this place.
 D = Time resting spent in this place.
 E = Time spent auto-exploring this place.
 F = Levels seen in this place.
 G = Mean time per level.
                   A        B        C        D        E       F      G
               +--------+--------+--------+--------+--------+-----+--------+
         Total |   3385 |   3317 |     68 |    910 |   1569 |   4 |  846.2 |
       Dungeon |   3385 |   3317 |     68 |    910 |   1569 |   4 |  846.2 |
               +--------+--------+--------+--------+--------+-----+--------+

Top non-repeatable levels by time:
     D:1: 1169 daAuts
     D:2: 953 daAuts
     D:3: 861 daAuts
     D:4: 401 daAuts
